 Dungeon Crawl Stone Soup version 0.19-a0-348-gdd94dc5 (webtiles) character file.

273 AllRandomAllDemise the Cudgeler (level 6, -20/33 HPs)
             Began as a Vine Stalker Chaos Knight on May 29, 2016.
             Killed by an exploding ball lightning (23 damage)
             ... created by the player character
             ... on level 4 of the Dungeon.
             The game lasted 00:03:52 (3014 turns).

AllRandomAllDemise the Cudgeler (VSCK)              Turns: 3014, Time: 00:03:53

Health: -20/33     AC:  7    Str: 15    XL:     6   Next: 24%
Magic:  0/7        EV: 11    Int: 17    God:    Xom [.....*]
Gold:   216        SH:  0    Dex: 15    Spells: 0 memorised, 5 levels left

rFire  . . .     SeeInvis +     t - +2 flail
rCold  . . .     Gourm    .     r - +2 leather armour
rNeg   . . .     Faith    .     (no shield)
rPois  .         Spirit   +     (no helmet)
rElec  .         Dismiss  .     f - +0 cloak
rCorr  .         Reflect  .     p - +0 pair of gloves
SustAt .         Harm     .     (no boots)
MR     .....                    e - amulet of rage
Stlth  +.........               q - +5 ring of intelligence
                                h - ring of see invisible

@: not resistant to hostile enchantments, very unstealthy
A: fangs 2, regeneration 2, magic shield, antimagic bite, no device heal 3, rot
immunity
a: Renounce Religion, Evoke Berserk Rage


You were on level 4 of the Dungeon.
You worshipped Xom.
You were Xom's teddy bear.
You were not hungry.

You visited 1 branch of the dungeon, and saw 4 of its levels.

You collected 216 gold pieces.

Inventory:

Hand Weapons
 a - a +0 mace of chaos
 b - a +0 blowgun
 t - a +2 flail (weapon)
Missiles
 g - 7 tomahawks (quivered)
 v - 5 poisoned needles
 x - 3 needles of sleeping
Armour
 f - a +0 cloak (worn)
 p - a +0 pair of gloves (worn)
 r - a +2 leather armour (worn)
Jewellery
 e - an amulet of rage (around neck)
 h - a ring of see invisible (left hand)
 q - a +5 ring of intelligence (right hand)
Scrolls
 j - 2 scrolls of fear
 l - a scroll of magic mapping
 o - 3 scrolls of recharging
 w - a scroll of remove curse
Potions
 d - 3 potions of heal wounds {unknown}
 i - a potion of mutation {!q!q}
 m - a potion of cure mutation {unknown}
 n - a potion of brilliance {unknown}
 s - a potion of curing {unknown}
Comestibles
 c - 4 bread rations
 k - a royal jelly
 u - 2 chunks of flesh


   Skills:
 + Level 4.1 Fighting
 * Level 5.2 Maces & Flails
 - Level 1.5 Armour
 - Level 0.7 Dodging


You had 5 spell levels left.
You didn't know any spells.

Dungeon Overview and Level Annotations

Branches:
Dungeon (4/15)
 Temple: D:4-7

Altars:
Elyvilon
Gozag
Hepliaklqana
Okawaru
Vehumet


Innate Abilities, Weirdness & Mutations

You have extremely sharp teeth.
You heal very quickly.
When hurt, damage is shared between your health and your magic reserves.
Your bite disrupts and absorbs the magic of your enemies.
Potions and wands cannot restore your health.
You are immune to rotting.


Message History

You are now Xom's teddy bear.
Found a stone staircase leading down.
Found an escape hatch in the floor.
A quokka and a scorpion come into view.
There are monsters nearby!
Xom's power flows through you!
You create some ball lightning!
Your ball lightning explodes!
The blast of lightning engulfs the scorpion.
The scorpion is severely wounded.
The blast of lightning engulfs your ball lightning.
Your ball lightning completely resists.
The blast of lightning engulfs you!
Ouch! That really hurt!
* * * LOW HITPOINT WARNING * * *
Your ball lightning explodes!
The blast of lightning engulfs you!
Ouch! That really hurt!
You die...
Xom chortles!

.... ..... ...
...#..... ...#
..#......
#...###......... #
#.....##.......#
.$#.>.............
...........s>.....
.?........@...#
..............##
r..............#
.........#####.#
......#..## ## .
......#...## .##..
...........####.....
....................
#..........#.#.####


You could see a scorpion.

Vanquished Creatures
  The ghost of tijit the Conjurer, an amateur TeFE (D:3)
  Jessica (D:2)
  Terence (D:2)
  3 gnolls (D:3)
  5 adders
  4 dart slugs
  2 giant geckos (D:3)
  5 orcs (D:3)
  4 giant cockroaches
  9 goblins
  9 hobgoblins
  10 jackals
  15 kobolds
  3 quokkas
  8 bats
  4 giant newts
  9 rats
93 creatures vanquished.

Vanquished Creatures (collateral kills)
  A worm (D:3)
  A jackal (D:3)
  A rat (D:3)
3 creatures vanquished.

Vanquished Creatures (others)
  A ball lightning (D:4)
1 creature vanquished.

Grand Total: 97 creatures vanquished

Notes
Turn   | Place    | Note
--------------------------------------------------------------
     0 | D:1      | AllRandomAllDemise the Vine Stalker Chaos Knight began the quest for the Orb.
     0 | D:1      | Reached XP level 1. HP: 11/11 MP: 2/2
    73 | D:1      | Reached skill level 3 in Maces & Flails
    96 | D:1      | XOM: silly message
    98 | D:1      | Reached XP level 2. HP: 16/16 MP: 3/3
   529 | D:1      | XOM: cast spell 'Summon Butterflies'
   532 | D:1      | XOM: butterfly on damage
   544 | D:1      | Reached XP level 3. HP: 13/20 MP: 4/4
   588 | D:1      | XOM: harmless Chrm miscast
  1236 | D:2      | Found an iron altar of Okawaru.
  1314 | D:2      | Noticed Terence
  1332 | D:2      | Killed Terence
  1332 | D:2      | Reached XP level 4. HP: 18/24 MP: 5/5
  1406 | D:2      | Reached skill level 4 in Maces & Flails
  1434 | D:2      | Found a radiant altar of Vehumet.
  1434 | D:2      | Found a white marble altar of Elyvilon.
  1435 | D:2      | Found an opulent altar of Gozag.
  1456 | D:2      | XOM: colour smoke trail
  1677 | D:2      | XOM: god gift: runed rapier {god gift}
  1749 | D:2      | Reached XP level 5. HP: 20/28 MP: 4/6
  1841 | D:2      | Noticed Jessica
  1846 | D:2      | Killed Jessica
  2079 | D:3      | Noticed tijit's ghost (amateur TeFE)
  2079 | D:3      | XOM: summons 3 friendly demons
  2092 | D:3      | Killed tijit's ghost
  2189 | D:3      | Gained mutation: You heal very quickly. [Vine Stalker growth]
  2189 | D:3      | Reached XP level 6. HP: 33/33 MP: 7/7
  2200 | D:3      | Reached skill level 5 in Maces & Flails
  2296 | D:3      | XOM: silly message
  2300 | D:3      | Found a hazy altar of Hepliaklqana.
  2703 | D:3      | XOM: noise
  3005 | D:4      | XOM is BORED!
  3005 | D:4      | XOM: mild Tmut miscast
  3013 | D:4      | XOM: cast spell 'Conjure Ball Lightning'
  3014 | D:4      | HP: 3/33 [ball lightning[the player character] (30)]
  3014 | D:4      | Killed by an exploding ball lightning

Vault maps used:
D:1:      dpeg_arrival_chambers_temple_mockup, minivault_14
D:2:      okawaru_gym_becter, gammafunk_temple_overflow_claw, first_bread,
          minmay_misc_feat_rows, lexackson_kobold_supper, uniq_jessica,
          uniq_terence
D:3:      lemuel_crystal_altar
D:4:      kennysheep_mini_moat, serial_shops, nicolae_shop_stone,
          kennysheep_windowed_goal

Skill      XL: |  1  2  3  4  5  6 |
---------------+-------------------+-----
Maces & Flails | 3 4 5 |  5.2
Fighting       | 3 4 |  4.1
Armour         | |  1.5
Dodging        | |  0.7

Action                   |  1- 3 |  4- 6 || total
-------------------------+-------+-------++-------
Melee: Mace              |    80 |       ||    80
       Bite              |    20 |    42 ||    62
       Flail             |       |   189 ||   189
  Use: Scroll            |       |    10 ||    10
 Stab: Sleeping          |       |     1 ||     1
       Distracted        |       |     1 ||     1
  Eat: Chunk             |     1 |     6 ||     7
Armor: Leather armour    |    33 |    84 ||   117
Dodge: Dodged            |    54 |   156 ||   210
